TOP OF THE 1ST |
Tacoma Rainiers batting - Pitching for Round Rock Express : RHP Prince Gibson
|
Pitching: RHP Prince Gibson
|
|
Batting: RHB Brad Robidas
|
0-0: Swinging Strike 0-1: Foul Ball, location: 2F 0-2: Ball 1-2: Foul Ball, location: 2F 1-2: Ball 2-2: Foul Ball, location: 2F 2-2: Fly out, F5 (Line Drive, 56, EV 68.1 MPH)
|
Batting: RHB Enrique Valdez
|
0-0: Ground out 4-3 (Groundball, 4, EV 111.9 MPH)
|
Batting: LHB Josh Pittman
|
0-0: Ball 1-0: Ball 2-0: Ground out 3-1 (Groundball, 34, EV 100.6 MPH)
|
Top of the 1st over - 0 runs, 0 hits, 0 errors, 0 left on base; Tacoma 0 - Round Rock 0 |
BOTTOM OF THE 1ST |
Round Rock Express batting - Pitching for Tacoma Rainiers : RHP Justin Lee
|
Pitching: RHP Justin Lee
|
|
Batting: LHB Jody Hudson
|
0-0: Fly out, F6 (Popup, 6S, EV 70.6 MPH)
|
Batting: RHB Adryão Anto
|
0-0: Ball 1-0: Ball 2-0: DOUBLE (Line Drive, 9LM, EV 104.4 MPH)
|
Batting: LHB Josh Stuck
|
0-0: Ball 1-0: Ground out 3-1 (Groundball, 34, EV 83.8 MPH) Adryão Anto to third
|
Batting: RHB Trevor Mock
|
0-0: Ball 1-0: Ball 2-0: Called Strike 2-1: Foul Ball, location: 2F 2-2: Ball 3-2: Foul Ball, location: 2F 3-2: Ground out 4-3 (Groundball, 13, EV 91.9 MPH)
|
Bottom of the 1st over - 0 runs, 1 hit, 0 errors, 1 left on base; Tacoma 0 - Round Rock 0 |
TOP OF THE 2ND |
Tacoma Rainiers batting - Pitching for Round Rock Express : RHP Prince Gibson
|
Batting: LHB Ryan Lowe
|
0-0: Ball 1-0: Ball 2-0: Called Strike 2-1: Ball 3-1: Called Strike 3-2: Base on Balls
|
Batting: SHB Ray Skogen
|
0-0: Called Strike 0-1: Foul Ball, location: 2F 0-2: Strikes out looking
|
Batting: RHB Rick Ellis
|
0-0: Ball 1-0: Ball 2-0: Called Strike 2-1: Ball 3-1: Called Strike 3-2: Fly out, F4 (Popup, 4S, EV 75.6 MPH)
|
Batting: RHB Chris Olheiser
|
0-0: Called Strike 0-1: Called Strike 0-2: SINGLE (Groundball, 6MD, EV 101.9 MPH) Ryan Lowe to second
|
Batting: RHB Zach Downs
|
0-0: Called Strike 0-1: Called Strike 0-2: Fly out, F7 (Flyball, 7, EV 92.5 MPH)
|
Top of the 2nd over - 0 runs, 1 hit, 0 errors, 2 left on base; Tacoma 0 - Round Rock 0 |
BOTTOM OF THE 2ND |
Round Rock Express batting - Pitching for Tacoma Rainiers : RHP Justin Lee
|
Batting: RHB Mike Quackenbush
|
0-0: Foul Ball, location: 2F 0-1: Ball 1-1: Foul Ball, location: 2F 1-2: Ball 2-2: Foul Ball, location: 2F 2-2: Foul Ball, location: 2F 2-2: Strikes out looking
|
Batting: RHB Martin Guerrero
|
0-0: Called Strike 0-1: Fly out, F4 (Popup, 6MD, EV 57.5 MPH)
|
Batting: RHB Ivan Colon
|
0-0: Ball 1-0: Ball 2-0: Fly out, F9 (Flyball, 89S, EV 88.8 MPH)
|
Bottom of the 2nd over - 0 runs, 0 hits, 0 errors, 0 left on base; Tacoma 0 - Round Rock 0 |
TOP OF THE 3RD |
Tacoma Rainiers batting - Pitching for Round Rock Express : RHP Prince Gibson
|
Batting: RHB Max Schellekens
|
0-0: Ground out 5-3 (Groundball, 56S, EV 66.9 MPH)
|
Batting: RHB Brad Robidas
|
0-0: Called Strike 0-1: Ground out 4-3 (Groundball, 4, EV 91.9 MPH)
|
Batting: RHB Enrique Valdez
|
0-0: Ball 1-0: Ball 2-0: Called Strike 2-1: Foul Ball, location: 2F 2-2: Reached on error, E5 (Groundball, 56S, EV 85.6 MPH)
|
Batting: LHB Josh Pittman
|
0-0: Ball 1-0: SINGLE (Line Drive, 34, EV 98.1 MPH) Enrique Valdez to third Runner from 3rd tries for Home, SAFE, throw by RF to home Josh Pittman to second
|
Batting: LHB Ryan Lowe
|
0-0: Ball 1-0: Foul Ball, location: 2F 1-1: Foul Ball, location: 2F 1-2: Ball 2-2: Strikes out looking
|
Top of the 3rd over - 1 run, 1 hit, 1 error, 1 left on base; Tacoma 1 - Round Rock 0 |
BOTTOM OF THE 3RD |
Round Rock Express batting - Pitching for Tacoma Rainiers : RHP Justin Lee
|
Batting: RHB Jeremy Boerman
|
0-0: Called Strike 0-1: Ground out 5-3 (Groundball, 5S, EV 91.2 MPH)
|
Batting: RHB Luis Arce
|
0-0: Ball 1-0: Ball 2-0: Called Strike 2-1: Ground out 1-3 (Groundball, 15, EV 73.8 MPH)
|
Batting: LHB Jody Hudson
|
0-0: Called Strike 0-1: Called Strike 0-2: Ball 1-2: Foul Ball, location: 2F 1-2: Foul Ball, location: 2F 1-2: Strikes out swinging
|
Bottom of the 3rd over - 0 runs, 0 hits, 0 errors, 0 left on base; Tacoma 1 - Round Rock 0 |
TOP OF THE 4TH |
Tacoma Rainiers batting - Pitching for Round Rock Express : RHP Prince Gibson
|
Batting: SHB Ray Skogen
|
0-0: Ball 1-0: SOLO HOME RUN (Flyball, 89XD, EV 99.4 MPH), Distance : 385 ft
|
Batting: RHB Rick Ellis
|
0-0: Ball 1-0: Ball 2-0: Ball 3-0: Called Strike 3-1: Foul Ball, location: 2F 3-2: Ground out 6-3 (Groundball, 6, EV 83.1 MPH)
|
Batting: RHB Chris Olheiser
|
0-0: Ball 1-0: Foul Ball, location: 2F 1-1: Ball 2-1: Ball 3-1: Foul Ball, location: 2F 3-2: Base on Balls
|
Batting: RHB Zach Downs
|
0-0: Ball 1-0: Grounds into double play, 5-4-3 (Groundball, 56S, EV 84.4 MPH)
|
Top of the 4th over - 1 run, 1 hit, 0 errors, 0 left on base; Tacoma 2 - Round Rock 0 |
BOTTOM OF THE 4TH |
Round Rock Express batting - Pitching for Tacoma Rainiers : RHP Justin Lee
|
Batting: RHB Adryão Anto
|
0-0: Called Strike 0-1: Ball 1-1: Ball 2-1: Foul Ball, location: 2F 2-2: Ball 3-2: DOUBLE (Line Drive, 89D, EV 107.5 MPH) - OUT at third base trying to stretch hit.
|
Batting: LHB Josh Stuck
|
0-0: Called Strike 0-1: Ball 1-1: Ball 2-1: Ground out 4-3 (Groundball, 4, EV 81.9 MPH)
|
Batting: RHB Trevor Mock
|
0-0: Ball 1-0: Ball 2-0: Ground out 5-3 (Groundball, 5L, EV 95.6 MPH)
|
Bottom of the 4th over - 0 runs, 1 hit, 0 errors, 0 left on base; Tacoma 2 - Round Rock 0 |
TOP OF THE 5TH |
Tacoma Rainiers batting - Pitching for Round Rock Express : RHP Prince Gibson
|
Batting: RHB Max Schellekens
|
0-0: Ball 1-0: Swinging Strike 1-1: Ball 2-1: Foul Ball, location: 2F 2-2: Ball 3-2: SINGLE (Groundball, 34D, EV 106.2 MPH)
|
Batting: RHB Brad Robidas
|
0-0: Grounds into double play, 6-4-3 (Groundball, 6, EV 84.4 MPH)
|
Batting: RHB Enrique Valdez
|
0-0: Called Strike 0-1: Ball 1-1: SOLO HOME RUN (Flyball, 7D, EV 100.6 MPH), Distance : 373 ft
|
Batting: LHB Josh Pittman
|
0-0: Ball 1-0: Ball 2-0: Foul Ball, location: 2F 2-1: Swinging Strike 2-2: Ground out 2-3 (Groundball, 13S, EV 71.9 MPH)
|
Top of the 5th over - 1 run, 2 hits, 0 errors, 0 left on base; Tacoma 3 - Round Rock 0 |
BOTTOM OF THE 5TH |
Round Rock Express batting - Pitching for Tacoma Rainiers : RHP Justin Lee
|
Batting: RHB Mike Quackenbush
|
0-0: Called Strike 0-1: Fly out, F7 (Flyball, 78S, EV 85.0 MPH)
|
Batting: RHB Martin Guerrero
|
0-0: Ball 1-0: Foul Ball, location: 2F 1-1: Foul Ball, location: 2F 1-2: Ball 2-2: Fly out, F8 (Flyball, 8RS, EV 81.2 MPH)
|
Batting: RHB Ivan Colon
|
0-0: Called Strike 0-1: Ball 1-1: Foul Ball, location: 2F 1-2: Strikes out looking
|
Bottom of the 5th over - 0 runs, 0 hits, 0 errors, 0 left on base; Tacoma 3 - Round Rock 0 |
TOP OF THE 6TH |
Tacoma Rainiers batting - Pitching for Round Rock Express : RHP Prince Gibson
|
Batting: LHB Ryan Lowe
|
0-0: Ball 1-0: Called Strike 1-1: SOLO HOME RUN (Flyball, 78XD, EV 100.0 MPH), Distance : 402 ft
|
Batting: SHB Ray Skogen
|
0-0: Called Strike 0-1: Ball 1-1: Called Strike 1-2: Ground out U3 (Groundball, 3, EV 90.0 MPH)
|
Batting: RHB Rick Ellis
|
0-0: Called Strike 0-1: Fly out, F9 (Line Drive, 9D, EV 87.5 MPH)
|
Batting: RHB Chris Olheiser
|
0-0: Called Strike 0-1: Ball 1-1: Ground out 5-3 (Groundball, 56S, EV 63.8 MPH)
|
Top of the 6th over - 1 run, 1 hit, 0 errors, 0 left on base; Tacoma 4 - Round Rock 0 |
BOTTOM OF THE 6TH |
Round Rock Express batting - Pitching for Tacoma Rainiers : RHP Justin Lee
|
Batting: RHB Jeremy Boerman
|
0-0: Ball 1-0: SINGLE (Flyball, 34D, EV 89.4 MPH)
|
Batting: RHB Luis Arce
|
0-0: Ball Jeremy Boerman steals 2nd base 1-0: Called Strike 1-1: Foul Ball, location: 2F 1-2: Strikes out swinging
|
Batting: LHB Jody Hudson
|
0-0: Ball 1-0: Ball 2-0: Ball 3-0: Base on Balls
|
Batting: RHB Adryão Anto
|
0-0: SINGLE (Groundball, 6MD, EV 99.4 MPH) Jeremy Boerman to third Jody Hudson to second Runner from 3rd tries for Home, SAFE, throw by CF to home
|
Batting: LHB Josh Stuck
|
0-0: Ball 1-0: Ball 2-0: Ball 3-0: Base on Balls Jody Hudson to third Adryão Anto to second
|
Batting: RHB Trevor Mock
|
0-0: Called Strike 0-1: Foul Ball, location: 2F 0-2: Ball 1-2: Ball 2-2: Strikes out swinging
|
Batting: RHB Mike Quackenbush
|
0-0: Called Strike 0-1: Called Strike 0-2: Strikes out swinging
|
Bottom of the 6th over - 1 run, 2 hits, 0 errors, 3 left on base; Tacoma 4 - Round Rock 1 |
TOP OF THE 7TH |
Tacoma Rainiers batting - Pitching for Round Rock Express : RHP Prince Gibson
|
Batting: RHB Zach Downs
|
0-0: Ball 1-0: Ball 2-0: Called Strike 2-1: Ground out 5-3 (Groundball, 56, EV 99.4 MPH)
|
Batting: RHB Max Schellekens
|
0-0: DOUBLE (Groundball, 5L, EV 98.8 MPH)
|
Batting: RHB Brad Robidas
|
0-0: Ball 1-0: Ground out U3 (Groundball, 3, EV 92.5 MPH) Max Schellekens to third
|
Batting: RHB Enrique Valdez
|
0-0: Ground out 4-3 (Groundball, 4M, EV 87.5 MPH)
|
Top of the 7th over - 0 runs, 1 hit, 0 errors, 1 left on base; Tacoma 4 - Round Rock 1 |
BOTTOM OF THE 7TH |
Round Rock Express batting - Pitching for Tacoma Rainiers : RHP Justin Lee
|
Batting: RHB Martin Guerrero
|
0-0: Called Strike 0-1: Ball 1-1: Ball 2-1: Foul Ball, location: 2F 2-2: Foul Ball, location: 2F 2-2: Strikes out swinging
|
Batting: RHB Ivan Colon
|
0-0: Foul Ball, location: 2F 0-1: Swinging Strike 0-2: Foul Ball, location: 2F 0-2: Hit by Pitch
|
Batting: RHB Jeremy Boerman
|
0-0: Ball 1-0: Ball 2-0: Called Strike 2-1: Fly out, F3 (Popup, 23, EV 94.4 MPH)
|
Pitching: RHP David Lane
|
|
Batting: RHB Luis Arce
|
0-0: Ball Wild Pitch! Ivan Colon to second 1-0: Reached on error, E1 (Groundball, 15S, EV 66.2 MPH) Ivan Colon scores
|
Batting: LHB Jody Hudson
|
0-0: Ball 1-0: Ball 2-0: Ball 3-0: Base on Balls
|
Batting: RHB Adryão Anto
|
0-0: Called Strike 0-1: Foul Ball, location: 2F 0-2: Ball 1-2: Ball 2-2: Ball 3-2: Foul Ball, location: 2F 3-2: Foul Ball, location: 2F 3-2: Foul Ball, location: 2F 3-2: Foul Ball, location: 2F 3-2: Base on Balls Luis Arce to third Jody Hudson to second
|
Batting: LHB Josh Stuck
|
0-0: Ball 1-0: Ball 2-0: Called Strike 2-1: Ball 3-1: Base on Balls Luis Arce scores Jody Hudson to third Adryão Anto to second
|
Batting: RHB Trevor Mock
|
0-0: Called Strike 0-1: Swinging Strike 0-2: Foul Ball, location: 2F 0-2: Ball 1-2: Hit by Pitch Jody Hudson scores Adryão Anto to third Josh Stuck to second
|
Batting: RHB Mike Quackenbush
|
0-0: Ball 1-0: Ground out 3-1 (Groundball, 34, EV 78.8 MPH)
|
Bottom of the 7th over - 3 runs, 0 hits, 1 error, 3 left on base; Tacoma 4 - Round Rock 4 |
TOP OF THE 8TH |
Tacoma Rainiers batting - Pitching for Round Rock Express : RHP Prince Gibson
|
Batting: LHB Josh Pittman
|
0-0: SINGLE (Flyball, 56D, EV 88.1 MPH)
|
Batting: LHB Ryan Lowe
|
0-0: Called Strike 0-1: Ball 1-1: Swinging Strike 1-2: Strikes out swinging
|
Pitching: LHP John McRight
|
|
Batting: SHB Ray Skogen
|
0-0: Ball 1-0: Swinging Strike 1-1: Swinging Strike 1-2: Ball 2-2: Strikes out swinging
|
Batting: RHB Rick Ellis
|
0-0: Ball 1-0: Ground out 5-3 (Groundball, 5S, EV 66.2 MPH)
|
Top of the 8th over - 0 runs, 1 hit, 0 errors, 1 left on base; Tacoma 4 - Round Rock 4 |
BOTTOM OF THE 8TH |
Round Rock Express batting - Pitching for Tacoma Rainiers : RHP David Lane
|
Pitching: RHP Jace Daniels
|
|
Batting: RHB Martin Guerrero
|
0-0: Ball 1-0: Ball 2-0: Foul Ball, location: 2F 2-1: Foul Ball, location: 2F 2-2: Strikes out swinging, 2-3 out at first.
|
Batting: RHB Ivan Colon
|
0-0: Ball 1-0: Called Strike 1-1: Called Strike 1-2: Strikes out swinging
|
Batting: RHB Jeremy Boerman
|
0-0: Called Strike 0-1: Swinging Strike 0-2: Reached on error, E5 (Groundball, 5L, EV 105.6 MPH)
|
Batting: RHB Luis Arce
|
0-0: Fly out, F7 (Flyball, 78D, EV 95.0 MPH)
|
Bottom of the 8th over - 0 runs, 0 hits, 1 error, 1 left on base; Tacoma 4 - Round Rock 4 |
TOP OF THE 9TH |
Tacoma Rainiers batting - Pitching for Round Rock Express : LHP John McRight
|
Batting: RHB Chris Olheiser
|
0-0: Called Strike 0-1: Called Strike 0-2: Ball 1-2: Ground out U3 (Groundball, 23, EV 87.5 MPH)
|
Batting: RHB Zach Downs
|
0-0: Swinging Strike 0-1: Ball 1-1: Ball 2-1: Ball 3-1: Foul Ball, location: 2F 3-2: Strikes out swinging
|
Batting: RHB Max Schellekens
|
0-0: SINGLE (Groundball, 4MD, EV 101.2 MPH)
|
Batting: RHB Brad Robidas
|
0-0: Foul Ball, location: 2F 0-1: Swinging Strike 0-2: Foul Ball, location: 2F 0-2: Strikes out swinging
|
Top of the 9th over - 0 runs, 1 hit, 0 errors, 1 left on base; Tacoma 4 - Round Rock 4 |
BOTTOM OF THE 9TH |
Round Rock Express batting - Pitching for Tacoma Rainiers : RHP Jace Daniels
|
Batting: LHB Jody Hudson
|
0-0: Ball 1-0: Ball 2-0: Foul Ball, location: 2F 2-1: Foul Ball, location: 2F 2-2: Ball 3-2: Fly out, F5 (Popup, 5SF, EV 66.2 MPH)
|
Batting: RHB Adryão Anto
|
0-0: Called Strike 0-1: Fly out, F3 (Popup, 3SF, EV 85.6 MPH)
|
Batting: LHB Josh Stuck
|
0-0: Called Strike 0-1: Swinging Strike 0-2: Strikes out swinging
|
Bottom of the 9th over - 0 runs, 0 hits, 0 errors, 0 left on base; Tacoma 4 - Round Rock 4 |
TOP OF THE 10TH |
Tacoma Rainiers batting - Pitching for Round Rock Express : LHP John McRight
|
Pitching: RHP Steve Grier
|
|
Batting: RHB Enrique Valdez
|
0-0: Called Strike 0-1: Foul Ball, location: 2F 0-2: Foul Ball, location: 2F 0-2: Foul Ball, location: 2F 0-2: Foul Ball, location: 2F 0-2: Ball 1-2: Strikes out swinging
|
Batting: LHB Josh Pittman
|
0-0: Called Strike 0-1: Ball 1-1: Foul Ball, location: 2F 1-2: Ball 2-2: Ball 3-2: Strikes out swinging
|
Batting: LHB Ryan Lowe
|
0-0: Swinging Strike 0-1: Foul Ball, location: 2F 0-2: Ball 1-2: Strikes out swinging, 2-3 out at first.
|
Top of the 10th over - 0 runs, 0 hits, 0 errors, 0 left on base; Tacoma 4 - Round Rock 4 |
BOTTOM OF THE 10TH |
Round Rock Express batting - Pitching for Tacoma Rainiers : RHP Jace Daniels
|
Pitching: LHP Adam Parrish
|
|
Batting: RHB Trevor Mock
|
0-0: SINGLE (Line Drive, 7S, EV 105.0 MPH)
|
Batting: RHB Mike Quackenbush
|
0-0: Called Strike 0-1: Called Strike Trevor Mock is caught stealing 2nd base 2-4 0-2: Ball 1-2: Foul Ball, location: 2F 1-2: Ground out 6-3 (Groundball, 6, EV 109.4 MPH)
|
Batting: RHB Martin Guerrero
|
0-0: Ball 1-0: Ball 2-0: Ball 3-0: Called Strike 3-1: Called Strike 3-2: Foul Ball, location: 2F 3-2: Strikes out swinging, 2-3 out at first.
|
Bottom of the 10th over - 0 runs, 1 hit, 0 errors, 0 left on base; Tacoma 4 - Round Rock 4 |
TOP OF THE 11TH |
Tacoma Rainiers batting - Pitching for Round Rock Express : RHP Steve Grier
|
Batting: SHB Ray Skogen
|
0-0: Foul Ball, location: 2F 0-1: Called Strike 0-2: Foul Ball, location: 2F 0-2: Fly out, F9 (Flyball, 9LD, EV 96.9 MPH)
|
Batting: RHB Rick Ellis
|
0-0: Ball 1-0: Swinging Strike 1-1: Called Strike 1-2: Ball 2-2: Strikes out looking
|
Batting: RHB Chris Olheiser
|
0-0: Ball 1-0: Foul Ball, location: 2F 1-1: Ground out 1-3 (Groundball, 13S, EV 64.4 MPH)
|
Top of the 11th over - 0 runs, 0 hits, 0 errors, 0 left on base; Tacoma 4 - Round Rock 4 |
BOTTOM OF THE 11TH |
Round Rock Express batting - Pitching for Tacoma Rainiers : LHP Adam Parrish
|
Batting: RHB Ivan Colon
|
0-0: Called Strike 0-1: Foul Ball, location: 2F 0-2: Ball 1-2: Fly out, F9 (Flyball, 9, EV 93.1 MPH)
|
Batting: RHB Jeremy Boerman
|
0-0: Ball 1-0: Ball 2-0: Called Strike 2-1: Foul Ball, location: 2F 2-2: Strikes out swinging
|
Batting: RHB Luis Arce
|
0-0: Foul Ball, location: 2F 0-1: Fly out, F7 (Flyball, 78D, EV 93.1 MPH)
|
Bottom of the 11th over - 0 runs, 0 hits, 0 errors, 0 left on base; Tacoma 4 - Round Rock 4 |
TOP OF THE 12TH |
Tacoma Rainiers batting - Pitching for Round Rock Express : RHP Steve Grier
|
Pitching: RHP Mike Webb
|
|
Batting: RHB Zach Downs
|
0-0: Called Strike 0-1: Ground out 4-3 (Groundball, 4, EV 84.4 MPH)
|
Batting: RHB Max Schellekens
|
0-0: Ground out 4-3 (Groundball, 4M, EV 105.0 MPH)
|
Batting: RHB Brad Robidas
|
0-0: Called Strike 0-1: Foul Ball, location: 2F 0-2: Ball 1-2: Strikes out looking
|
Top of the 12th over - 0 runs, 0 hits, 0 errors, 0 left on base; Tacoma 4 - Round Rock 4 |
BOTTOM OF THE 12TH |
Round Rock Express batting - Pitching for Tacoma Rainiers : LHP Adam Parrish
|
Pinch Hitting: RHB Bill Turnbull
|
0-0: Called Strike 0-1: Called Strike 0-2: Foul Ball, location: 2F 0-2: Ball 1-2: Fly out, F7 (Flyball, 7LM, EV 91.2 MPH)
|
Batting: RHB Adryão Anto
|
0-0: Called Strike 0-1: Ball 1-1: SINGLE (Line Drive, 78S, EV 101.2 MPH)
|
Batting: RHB Carlos Lopez
|
0-0: Ball 1-0: Fly out, F6 (Popup, 6, EV 58.8 MPH)
|
Batting: RHB Trevor Mock
|
0-0: Called Strike 0-1: Foul Ball, location: 2F 0-2: Ball 1-2: Foul Ball, location: 2F 1-2: Strikes out swinging
|
Bottom of the 12th over - 0 runs, 1 hit, 0 errors, 1 left on base; Tacoma 4 - Round Rock 4 |
TOP OF THE 13TH |
Tacoma Rainiers batting - Pitching for Round Rock Express : RHP Mike Webb
|
Now at 1B: Bill Turnbull
|
|
Batting: RHB Enrique Valdez
|
0-0: Called Strike 0-1: Foul Ball, location: 2F 0-2: Ball 1-2: Fly out, F7 (Flyball, 7, EV 83.8 MPH)
|
Batting: LHB Josh Pittman
|
0-0: Ball 1-0: Swinging Strike 1-1: Ball 2-1: Foul Ball, location: 2F 2-2: Strikes out swinging
|
Batting: LHB Ryan Lowe
|
0-0: Ball 1-0: Swinging Strike 1-1: Ball 2-1: Foul Ball, location: 2F 2-2: Foul Ball, location: 2F 2-2: Strikes out swinging
|
Top of the 13th over - 0 runs, 0 hits, 0 errors, 0 left on base; Tacoma 4 - Round Rock 4 |
BOTTOM OF THE 13TH |
Round Rock Express batting - Pitching for Tacoma Rainiers : LHP Adam Parrish
|
Pitching: RHP Sid Lampone
|
|
Batting: RHB Mike Quackenbush
|
0-0: Ball 1-0: Foul Ball, location: 2F 1-1: Ground out 5-3 (Groundball, 56S, EV 71.2 MPH)
|
Batting: RHB Martin Guerrero
|
0-0: Ball 1-0: Foul Ball, location: 2F 1-1: TRIPLE (Flyball, 89XD, EV 106.9 MPH)
|
Batting: RHB Ivan Colon
|
0-0: Ball 1-0: Bunted foul 1-1: Bunted foul 1-2: Ball 2-2: Foul Ball, location: 2F 2-2: Ball 3-2: Base on Balls
|
Batting: RHB Jeremy Boerman
|
0-0: Ball 1-0: Called Strike 1-1: Ball 2-1: Ball 3-1: Foul Ball, location: 2F 3-2: Foul Ball, location: 2F 3-2: Foul Ball, location: 2F 3-2: Foul Ball, location: 2F 3-2: Base on Balls Ivan Colon to second
|
Batting: RHB Luis Arce
|
0-0: Ball 1-0: Grounds into fielders choice 5-2 (Groundball, 56S, EV 82.5 MPH) Ivan Colon to third Jeremy Boerman to second
|
Batting: RHB Bill Turnbull
|
0-0: Ball 1-0: Called Strike 1-1: Fly out, F9 (Flyball, 9, EV 86.9 MPH)
|
Bottom of the 13th over - 0 runs, 1 hit, 0 errors, 3 left on base; Tacoma 4 - Round Rock 4 |
TOP OF THE 14TH |
Tacoma Rainiers batting - Pitching for Round Rock Express : RHP Mike Webb
|
Batting: SHB Ray Skogen
|
0-0: Foul Ball, location: 2F 0-1: Foul Ball, location: 2F 0-2: Strikes out swinging
|
Batting: RHB Rick Ellis
|
0-0: Fly out, F4 (Popup, 34S, EV 86.2 MPH)
|
Batting: RHB Chris Olheiser
|
0-0: Ball 1-0: Foul Ball, location: 2F 1-1: Fly out, F8 (Line Drive, 8LM, EV 102.5 MPH)
|
Top of the 14th over - 0 runs, 0 hits, 0 errors, 0 left on base; Tacoma 4 - Round Rock 4 |
BOTTOM OF THE 14TH |
Round Rock Express batting - Pitching for Tacoma Rainiers : RHP Sid Lampone
|
Batting: RHB Adryão Anto
|
0-0: Called Strike 0-1: Ball 1-1: Swinging Strike 1-2: Ball 2-2: Hit by Pitch
|
Batting: RHB Carlos Lopez
|
0-0: Ball 1-0: Ball 2-0: Foul Ball, location: 2F 2-1: Ball 3-1: Base on Balls Adryão Anto to second
|
Batting: RHB Trevor Mock
|
0-0: Ball 1-0: SINGLE (Flyball, 78S, EV 90.0 MPH) Adryão Anto to third Carlos Lopez to second Runner from 3rd tries for Home, SAFE, throw by CF to home
|
Bottom of the 14th over - 1 run, 1 hit, 0 errors, 2 left on base; Tacoma 4 - Round Rock 5 |
|